 Dungeon Crawl Stone Soup version 0.30.1-3-gfc49f6343a (webtiles) character file.

Game seed: 10846170164583753359

2152825 anestheticheart the Conqueror (level 27, 199/199 HPs)
             Began as a Gargoyle Fighter on July 16, 2023.
             Was the Champion of Okawaru.
             Escaped with the Orb
             ... and 4 runes on July 22, 2023!
             The game lasted 11:47:14 (81873 turns).

anestheticheart the Conqueror (Gargoyle Fighter)   Turns: 81873, Time: 11:47:15

Health: 199/199    AC: 62    Str: 30      XL:     27
Magic:  34/34      EV:  9    Int: 10 (11) God:    Okawaru [******]
Gold:   6989       SH: 23    Dex:  9      Spells: 26/26 levels left

rFire   + + +        c - +9 demon whip (spect)
rCold   + + .        F - +1 tower shield
rNeg    + . .        O - +9 gold dragon scales
rPois   ∞            Y - +1 hat
rElec   +            V - scarf of Ciwuuqeq {rC+ rF+, rPois}
rCorr   .            p - +0 pair of gloves of Kikubaaqudgha {Rampage rPois}
SInv    +            H - +1 pair of boots of Okawaru's Inspiration {rPois Int-2 SInv}
Will    +++..        W - amulet of regeneration Stlth
                     L - ring of willpower
HPRegen 1.33/turn    r - ring of protection from fire
MPRegen 0.24/turn

%: rampage
@: flying
A: sickness immunity, AC +20, big wings, negative energy resistance 1,
electricity resistance, torment resistance 1, petrification resistance,
deterioration 1, low MP 1, mutation resistance 1, screaming 1
0: Orb of Zot
}: 4/15 runes: barnacled, silver, abyssal, gossamer
a: Renounce Religion, Heroism, Finesse, Duel


You escaped.
You worshipped Okawaru.
Okawaru was exalted by your worship.
You visited 10 branches of the dungeon, and saw 48 of its levels.
You visited the Abyss 1 time.
You also visited: Trove and Ossuary.

You collected 11180 gold pieces.
You spent 4191 gold pieces at shops.

Inventory:

Hand Weapons
 c - a +9 spectral demon whip (weapon)
 k - the +9 demon whip of Imeuk {drain, Drain Str+4 Dex+3}
   (Okawaru gifted it to you on level 12 of the Dungeon)

   Str:       It affects your strength (+4).
   Dex:       It affects your dexterity (+3).
   Drain:     It drains your maximum health when unequipped.
Missiles
 w - 6 throwing nets
 K - 12 silver javelins (quivered)
Armour
 p - the +0 pair of gloves of Kikubaaqudgha (worn) {Rampage rPois}
   (You bought it in a shop on level 3 of the Elven Halls)

   rPois:     It protects you from poison.
   Rampage:   It bestows one free step when moving towards enemies.
 F - a +1 tower shield (worn)
 H - the +1 pair of boots of Okawaru's Inspiration (worn) {rPois Int-2 SInv}
   (Okawaru gifted it to you on level 2 of the Elven Halls)

   Int:       It affects your intelligence (-2).
   rPois:     It protects you from poison.
   SInv:      It lets you see invisible.
 O - +9 gold dragon scales (worn)
 V - the scarf of Ciwuuqeq (worn) {rC+ rF+, rPois}
   (Okawaru gifted it to you on level 15 of the Dungeon)

   rPois:     It protects you from poison.
 Y - a +1 hat (worn)
Jewellery
 e - an amulet of guardian spirit
 r - a ring of protection from fire (right hand)
 s - the amulet of Forogaa {Acrobat *Slow +Inv MP+9 Str+8}
   (You found it in a treasure trove)

   [amulet of the acrobat]

   It increases your evasion while moving and waiting.
   Str:       It affects your strength (+8).
   MP:        It affects your magic capacity (+9).
   +Inv:      It lets you turn invisible.
   *Slow:     It may slow you when you take damage.
 u - the amulet "Vecaokk" {RegenMP rPois rN+ Int-4 Dex+3}
   (You found it in a treasure trove)

   [amulet of magic regeneration]

   It increases your rate of magic regeneration.
   Int:       It affects your intelligence (-4).
   Dex:       It affects your dexterity (+3).
   rPois:     It protects you from poison.
   rN:        It protects you from negative energy.
 y - the ring of Hacug {*Slow rC+ rN+ Str+2 Stlth+}
   (You found it on level 5 of the Vaults)

   [ring of protection from cold]

   Str:       It affects your strength (+2).
   rC:        It protects you from cold.
   rN:        It protects you from negative energy.
   *Slow:     It may slow you when you take damage.
   Stlth:     It makes you more stealthy.
 G - a ring of positive energy
 J - a ring of willpower
 L - a ring of willpower (left hand)
 M - the ring "Fofiror" {Ice rCorr}
   (You took it off Josephina on level 4 of the Realm of Zot)

   [ring of ice]

   It enhances your ice magic.
   rF:        It makes you vulnerable to fire.
   rC:        It protects you from cold.
   rCorr:     It protects you from acid and corrosion.
 P - the ring "Higoapn" {Fly rPois rCorr Str+6}
   (You found it on level 5 of the Vaults)

   [ring of strength]

   Str:       It affects your strength (+6).
   rPois:     It protects you from poison.
   Fly:       It grants you flight.
   rCorr:     It protects you from acid and corrosion.
 Q - a ring of positive energy
 S - a +6 ring of strength
 T - a ring of magical power
 W - an amulet of regeneration (around neck)
 Z - a ring of protection from cold
Wands
 i - a wand of light (24)
 n - a wand of iceblast (38)
 v - a wand of digging (11)
 z - a wand of polymorph (28)
 E - a wand of mindburst (53)
Scrolls
 f - 8 scrolls of immolation
 g - 16 scrolls of teleportation
 l - 4 scrolls of silence
 m - 5 scrolls of blinking
 q - 8 scrolls of fog
 B - 4 scrolls of fear
 C - 5 scrolls of magic mapping
 N - 5 scrolls of enchant weapon
 R - a scroll of poison
Potions
 a - 3 potions of invisibility
 b - 13 potions of mutation
 d - 4 potions of resistance
 h - 13 potions of lignification
 j - 2 potions of berserk rage
 o - 8 potions of heal wounds
 t - 5 potions of haste
 A - 9 potions of might
 D - 21 potions of curing
 I - 2 potions of cancellation
 X - 2 potions of attraction
Miscellaneous
 x - a phial of floods


   Skills:
 O Level 27 Fighting
 - Level 12.3 Maces & Flails
 - Level 5.1 Polearms
 - Level 6.0 Ranged Weapons
 - Level 6.4 Throwing
 + Level 26.6 Armour
 * Level 5.6 Dodging
 - Level 23.7 Shields
 - Level 22.0 Invocations
 - Level 10.0 Evocations


You had 26 spell levels left.
You didn't know any spells.
Your spell library contained the following spells:

 Spells                   Type           Power      Damage    Failure   Level
 Apportation              Tloc           0%         N/A       94%         1
 Beastly Appendage        Tmut           0%         N/A       94%         1
 Freeze                   Ice            0%         1d3       94%         1
 Magic Dart               Conj           0%         1d3       94%         1
 Necrotise                Necr           0%         1d4       94%         1
 Sting                    Tmut/Pois      0%         1d3       94%         1
 Blink                    Tloc           0%         N/A       98%         2
 Ensorcelled Hibernation  Hex/Ice        0%         N/A       98%         2
 Lesser Beckoning         Tloc           0%         N/A       98%         2
 Momentum Strike          Conj/Tloc      0%         3d8       98%         2
 Passwall                 Tmut/Erth      0%         N/A       98%         2
 Poisonous Vapours        Pois/Air       0%         N/A       98%         2
 Scorch                   Fire           0%         2d5       98%         2
 Searing Ray              Conj           0%         2d4       98%         2
 Wereblood                Tmut           0%         N/A       98%         2
 Dazzling Flash           Conj/Hex       0%         N/A       100%        3
 Frozen Ramparts          Ice            0%         1d1       100%        3
 Gell's Gravitas          Tloc           0%         N/A       100%        3
 Hailstorm                Conj/Ice       0%         3d3       100%        3
 Ignite Poison            Fire/Tmut/Pois 0%         N/A       100%        3
 Inner Flame              Hex/Fire       0%         N/A       100%        3
 Mephitic Cloud           Conj/Pois/Air  0%         N/A       100%        3
 Ozocubu's Armour         Ice            0%         N/A       100%        3
 Portal Projectile        Hex/Tloc       0%         N/A       100%        3
 Spider Form              Tmut/Pois      0%         N/A       100%        3
 Teleport Other           Tloc           0%         N/A       100%        3
 Vhi's Electric Charge    Tloc/Air       0%         N/A       100%        3
 Volatile Blastmotes      Fire/Tloc      0%         2d10      100%        3
 Anguish                  Hex/Necr       0%         N/A       100%        4
 Cause Fear               Hex            0%         N/A       100%        4
 Dispel Undead            Necr           0%         3d6       100%        4
 Flame Wave               Conj/Fire      0%         2d4       100%        4
 Fulminant Prism          Conj/Hex       0%         3d5       100%        4
 Ice Form                 Ice/Tmut       0%         N/A       100%        4
 Iskenderun's Mystic Bla  Conj/Tloc      0%         2d3       100%        4
 Leda's Liquefaction      Hex/Erth       0%         N/A       100%        4
 Manifold Assault         Tloc           0%         N/A       100%        4
 Olgreb's Toxic Radiance  Pois           0%         N/A       100%        4
 Passage of Golubria      Tloc           0%         N/A       100%        4
 Petrify                  Tmut/Erth      0%         N/A       100%        4
 Sticky Flame             Conj/Fire      0%         2d3       100%        4
 Agony                    Necr           0%         N/A       100%        5
 Alistair's Intoxication  Tmut/Pois      0%         N/A       100%        5
 Arcjolt                  Conj/Air       0%         1d10      100%        5
 Blade Hands              Tmut           0%         N/A       100%        5
 Borgnjor's Vile Clutch   Necr/Erth      0%         N/A       100%        5
 Freezing Cloud           Conj/Ice/Air   0%         6-21      100%        5
 Irradiate                Conj/Tmut      0%         3d11      100%        5
 Iskenderun's Battlesphe  Conj           0%         2d6       100%        5
 Lee's Rapid Deconstruct  Erth           0%         3d4*      100%        5
 Metabolic Englaciation   Hex/Ice        0%         N/A       100%        5
 Silence                  Hex/Air        0%         N/A       100%        5
 Yara's Violent Unravell  Hex/Tmut       0%         3d3       100%        5
 Conjure Ball Lightning   Conj/Air       0%         3x3d6     100%        6
 Dispersal                Tloc           0%         N/A       100%        6
 Iron Shot                Conj/Erth      0%         9d1       100%        6
 Starburst                Conj/Fire      0%         6d3       100%        6
 Dragon Form              Tmut           0%         N/A       100%        7
 Enfeeble                 Hex            0%         N/A       100%        7
 Orb of Destruction       Conj           0%         9d5       100%        7
 Storm Form               Tmut/Air       0%         N/A       100%        7
 Borgnjor's Revivificati  Necr           0%         N/A       100%        8
 Discord                  Hex            0%         N/A       100%        8
 Disjunction              Tloc           0%         N/A       100%        8
 Lehudib's Crystal Spear  Conj/Erth      0%         10d2      100%        8
 Maxwell's Capacitive Co  Air            0%         ∞         100%        8
 Chain Lightning          Conj/Air       0%         N/A       100%        9
 Fire Storm               Conj/Fire      0%         5d1       100%        9
 Shatter                  Erth           0%         3d5*      100%        9
 Summon Small Mammal      Summ           Unusable   N/A       N/A         1
 Call Imp                 Summ           Unusable   N/A       N/A         2
 Cigotuvi's Dreadful Rot  Necr/Pois/Air  Unusable   N/A       N/A         2
 Sublimation of Blood     Necr           Unusable   N/A       N/A         2
 Summon Guardian Golem    Hex/Summ       Unusable   N/A       N/A         3
 Tukima's Dance           Hex            Unusable   N/A       N/A         3
 Summon Ice Beast         Ice/Summ       Unusable   N/A       N/A         4
 Summon Mana Viper        Hex/Summ       Unusable   N/A       N/A         5
 Death Channel            Necr           Unusable   N/A       N/A         6
 Simulacrum               Ice/Necr       Unusable   N/A       N/A         6
 Summon Cactus Giant      Summ           Unusable   N/A       N/A         6
 Spellforged Servitor     Conj/Summ      Unusable   N/A       N/A         7

Dungeon Overview and Level Annotations

Branches:
Dungeon (15/15)            Temple (1/1) D:5            Lair (5/5) D:8
 Shoals (4/4) Lair:3       Spider (4/4) Lair:3          Orc (2/2) D:11
    Elf (3/3) Orc:2        Vaults (5/5) D:13          Crypt (0/3) Vaults:2
 Depths (4/4) D:15            Zot (5/5) Depths:4    Ossuary (visited)
  Slime: Lair:4-5

Altars:
Ashenzari
Cheibriados
Dithmenos
Elyvilon
Fedhas
Gozag
Hepliaklqana
Kikubaaqudgha
Makhleb
Nemelex Xobeh
Okawaru
Qazlal
Ru
Sif Muna
Trog
Uskayaw
Vehumet
Wu Jian
Xom
Yredelemnul
Zin
The Shining One
Jiyva

Shops:
D:1 (   D:3 [   D:7 *   D:9 *   D:11 !*   Orc:2 ?*(=   Elf:3 ![[[   Shoals:3 !
Vaults:1 [   Vaults:2 (   Vaults:3 (   Depths:2 :

Portals:
Hell: Depths:1 Depths:2 Depths:3 Depths:4
Abyss: Depths:2 Depths:3 Depths:4
Pandemonium: Orc:2 Depths:2 Depths:3
Ziggurat: Depths:4

Annotations:
D:3 exclusion: 2 upstairs
D:8 exclusion: downstairs
D:11 exclusion: downstairs
D:12 exclusion: downstairs
D:14 Jorgrun
Lair:1 Fannar
Lair:2 exclusion: upstairs
Lair:3 exclusion: 2 downstairs
Lair:4 exclusion: 2 oklob plants
Shoals:2 exclusion: downstairs
Elf:2 6 transporters, 3 runed translucent doors, exclusion: 3 doors


Innate Abilities, Weirdness & Mutations

You are immune to sickness and miasma.
Your stone body is resilient. (AC +20)
You are immune to poison.
Your large and strong wings let you fly.
You resist negative energy. (rN+)
You are resistant to electric shocks. (rElec)
You are resistant to unholy torment.
You are immune to petrification.
Your body sometimes deteriorates upon taking damage.
Your magical capacity is low. (-10% MP)
You are somewhat resistant to further mutation.
You occasionally shout uncontrollably at your foes.


Message History

There is a stone staircase leading down here.
There is a stone staircase leading up here.
You fly upwards.
There is a stone staircase leading down here.
There is a stone staircase leading up here.
You fly upwards.
Level annotation: exclusion: downstairs
There is a stone staircase leading down here.
There is a stone staircase leading up here.
You fly upwards.
There is a stone staircase leading down here.
There is a stone staircase leading up here.
You fly upwards.
There is a stone staircase leading down here.
There is a stone staircase leading up here.
You fly upwards.
There is a stone staircase leading down here.
Items here: )) [[.
There is a stone staircase leading up here.
You fly upwards.
There is a stone staircase leading down here.
Things that are here:
a +0 leather armour; a +0 leather armour; a +0 short sword You see here a +0 dagger.
There is a stone staircase leading up here.
You fly upwards.
Level annotation: exclusion: 2 upstairs
There is a stone staircase leading down here.
There is a stone staircase leading up here.
You fly upwards.
There is a stone staircase leading down here.
There is a stone staircase leading up here.
You fly upwards.
There is a stone staircase leading down here.
There is an escape hatch in the floor here.
You reach down and open the door.
There is an open door here.
There is a staircase leading out of the dungeon here.
You can't go down here!
You have escaped!

###'##.#
#.#
#≈~.♣#.#
#.#
#~♣.♣#.#
#.#
#~~..'.#
#.#
#♣..~###
#.#
#~..♣#
#.#
#~.~~#
#..
#..♣~#
###
#@.≈♣#
#####


There were no monsters in sight!

Vanquished Creatures
  4 dread liches
  6 ancient liches
  4 orbs of fire
  Josephina (Zot:4)
  6 Killer Klowns
  Xtahua (Vaults:5)
  6 curse toes
  Nikola (Vaults:2)
  7 golden dragons
  Jory (Depths:4)
  A profane servitor (Abyss:3)
  3 electric golems
  6 bone dragons
  3 hellephants
  21 tentacled monstrosities
  Zenata (Vaults:1)
  28 Orb Guardians
  Asterion (Spider:1)
  8 liches
  A deep elf master archer (Elf:3)
  3 titans (Vaults:5)
  A deep elf blademaster (Elf:3)
  4 quicksilver dragons
  A kraken (Shoals:2)
  Polyphemus (Shoals:4)
  Kirke (D:14)
  14 storm dragons
  Frances (D:13)
  3 sphinxes
  8 death cobs
  5 tentacled starspawn
  6 shadow dragons
  The ghost of Gadrel the Devastator, an adept DgDe (Shoals:2)
  6 tengu reavers
  6 draconian monks
  2 iron dragons
  6 emperor scorpions
  5 deep elf sorcerers
  6 draconian knights
  A ghost moth (shapeshifter) (Vaults:5)
  8 draconian scorchers
  9 fire giants
  15 vault wardens
  2 orc warlords
  7 frost giants
  3 balrugs
  Aizul (Vaults:1)
  A curse skull (Vaults:2)
  8 deep elf elementalists (Elf:3)
  8 ghost moths
  4 draconian shifters
  Louise (Spider:1)
  7 draconian stormcallers
  9 draconian annihilators
  A cacodemon (Zot:5)
  23 ironbound preservers
  4 reapers
  35 very ugly things
  3 spriggan defenders
  5 war gargoyles
  3 broodmothers
  18 stone giants
  13 green draconians
  4 vampire knights
  7 ironbound thunderhulks
  The ghost of math4jedi the Cleaver, a journeyman MiBe of Trog (Lair:2)
  2 deep elf demonologists (Vaults:5)
  11 black draconians
  9 deep elf annihilators
  7 red draconians
  A bunyip (Abyss:3)
  6 yellow draconians
  8 spark wasps
  10 white draconians
  16 dire elephants
  10 purple draconians
  8 deep elf death magi
  10 ettins
  12 merfolk impalers
  An eidolon (Abyss:3)
  4 merfolk javelineers
  4 entropy weavers
  2 crystal guardians (Vaults:3)
  A jiangshi (Vaults:1)
  3 fire dragons
  6 great orbs of eyes
  8 yaktaur captains
  15 deep elf high priests
  A hell beast (D:12)
  A jorogumo (shapeshifter) (Vaults:5)
  5 merfolk avatars
  8 hydras
  8 rakshasas
  A peacekeeper (Vaults:3)
  3 demonspawn (Orc:2)
  4 ironbound frosthearts
  4 spriggan air magi
  2 catoblepae
  39 vault guards
  A death knight (Abyss:3)
  3 ogre magi
  10 ice dragons
  An alligator snapping turtle (Shoals:3)
  9 two-headed ogres
  A jorogumo (Lair:3)
  4 radroaches
  12 centaur warriors
  A merfolk aquamancer (Shoals:4)
  3 boulder beetles
  6 satyrs
  4 tengu warriors
  19 dancing weapons
  7 orc high priests (Orc:2)
  10 death yaks
  10 deep troll earth magi
  11 deep troll shamans
  10 thrashing horrors
  4 hell knights
  3 spriggan berserkers
  A hell hog (Depths:1)
  5 deep elf knights
  A vampire mage (Vaults:2)
  Sonja (Lair:4)
  7 sun demons
  5 soul eaters
  6 wretched stars
  14 iron trolls
  5 sixfirhies
  Lodul (D:13)
  19 skeletal warriors
  5 skysharks
  5 sun moths
  A pharaoh ant (Lair:3)
  61 deep trolls
  A flayed ghost (Depths:1)
  6 sea snakes
  A death drake (Abyss:3)
  9 orb spiders
  2 glowing orange brains
  13 steelbarb worms
  A spatial maelstrom (Abyss:3)
  18 deep elf pyromancers
  5 necromancers
  9 lindwurms
  13 wizards
  A swamp dragon (Lair:5)
  3 phantasmal warriors (Vaults:5)
  3 deep elf archers
  15 deep elf zephyrmancers
  22 ironbound convokers
  17 orc knights
  20 harpies
  15 large abominations
  A mana viper (Abyss:3)
  A shadow dragon skeleton (Vaults:2)
  15 wolf spiders
  40 ugly things
  34 moths of wrath
  14 cyclopes
  10 manticores
  A faun (shapeshifter) (Abyss:3)
  A worldbinder (Abyss:2)
  A salamander (shapeshifter) (Abyss:3)
  16 fauns
  7 orc sorcerers
  An iron dragon skeleton (Abyss:3)
  5 merfolk sirens
  8 elephants
  An ice statue (D:9)
  Maurice (D:11)
  An eye of devastation (Abyss:3)
  3 apocalypse crabs (Abyss:3)
  2 naga magi (D:15)
  6 torpor snails
  4 black mambas
  16 demonic crawlers
  24 vault sentinels
  2 water nymphs (Shoals:1)
  6 smoke demons
  2 centaur skeletons (D:15)
  A naga skeleton (Abyss:3)
  An elf skeleton (Vaults:2)
  2 gargoyles
  An orange demon (Abyss:3)
  An unseen horror zombie (D:8)
  18 yaktaurs
  A hellion (Depths:1)
  17 cane toads
  5 tengu conjurers
  3 freezing wraiths
  7 rime drakes
  An efreet (Abyss:3)
  A tormentor (Abyss:3)
  6 komodo dragons
  5 ancient zymes
  An ice devil (Abyss:3)
  A harpy zombie (D:15)
  A red devil (Orc:2)
  30 merfolk
  2 hellwings
  3 meliai (Spider:3)
  6 trolls
  A wind drake (shapeshifter) (D:15)
  A wolf spider simulacrum (D:14)
  5 wind drakes
  10 hornets
  4 raiju
  36 tarantellas
  A polar bear (Lair:1)
  A draconian simulacrum (Zot:4)
  8 snapping turtles
  15 blink frogs
  13 dream sheep
  30 slime creatures
  19 jumping spiders
  Sigmund (D:2)
  6 spriggans
  2 air elementals (Elf:2)
  23 yaks
  A spriggan (shapeshifter) (Vaults:5)
  A naga simulacrum (Abyss:3)
  4 wraiths
  A centaur simulacrum (Abyss:3)
  2 vampires
  5 ynoxinuls
  21 culicivoras
  2 fire elementals
  7 basilisks
  A fire bat (Abyss:3)
  5 water elementals
  A basilisk (shapeshifter) (D:14)
  A golden eye (Abyss:3)
  8 wyverns
  3 humans (D:14)
  2 hogs (D:14)
  46 redbacks
  A steam dragon (Lair:2)
  A yellow draconian simulacrum (Zot:4)
  A chaos spawn (Depths:3)
  11 vampire mosquitoes
  A neqoxec (Abyss:3)
  3 spatial vortices (Abyss:3)
  7 wargs
  Edmund (D:4)
  3 hell hounds
  2 acid dragons
  2 moth of wrath simulacra (Zot:4)
  8 water moccasins
  36 orc warriors
  5 floating eyes
  2 black bears
  4 ice beasts
  22 ogres
  2 swamp drakes (Lair:5)
  A boggart (shapeshifter) (Depths:3)
  12 wolves
  4 boggarts (Vaults:2)
  3 centaurs
  A wolf (shapeshifter) (Abyss:2)
  2 kobold brigands
  14 bullfrogs
  3 scorpions
  14 small abominations
  2 earth elementals (Elf:2)
  2 gnoll sergeants
  7 wights (D:8)
  5 killer bees (D:9)
  9 electric eels
  A howler monkey (D:6)
  A quasit (Abyss:3)
  2 iron imps
  2 gnoll boudas
  A jelly (Abyss:3)
  3 centaur zombies
  4 human zombies
  31 orc priests
  9 hounds
  3 sleepcaps
  27 starcursed masses
  Jessica (D:2)
  Ijyb (D:5)
  5 iguanas
  21 orc wizards
  2 killer bee zombies (D:8)
  2 mummies (Ossuary)
  3 howler monkey zombies (D:8)
  22 gnolls
  10 adders
  3 shadow imps
  4 white imps
  An ufetubus (Abyss:3)
  A worm (D:3)
  3 dart slugs
  86 orcs
  6 endoplasms
  16 giant cockroaches
  4 gnoll zombies (Ossuary)
  10 goblins
  8 hobgoblins
  5 quokkas
  13 ball pythons
  4 bats
  2 frilled lizards
  4 goblin zombies (Ossuary)
  3 hobgoblin zombies (Ossuary)
  27 kobolds
  2 orc zombies (Ossuary)
  3 rats
  A starspawn tentacle (Abyss:1)
  4 tentacles (Shoals:2)
2237 creatures vanquished.

Vanquished Creatures (others)
  An electric golem (Zot:5)
  A draconian scorcher (Zot:5)
  A wizard (Vaults:4)
  A draconian simulacrum (Zot:4)
  A small abomination (Abyss:3)
  A lurking horror (Abyss:2)
  30 spectral weapons
  5 starspawn tentacles
  13 tentacles (Shoals:2)
54 creatures vanquished.

Grand Total: 2291 creatures vanquished

Notes
Turn   | Place    | Note
-------+----------+-------------------------------------------
     0 | D:1      | anestheticheart the Gargoyle Fighter began the quest for
                  | the Orb.
     0 | D:1      | Reached XP level 1. HP: 14/14 MP: 1/1
   229 | D:1      | Reached XP level 2. HP: 19/19 MP: 2/2
   237 | D:1      | Found Lauhex's Antique Weapon Shoppe.
   448 | D:1      | Reached XP level 3. HP: 23/23 MP: 3/3
   813 | D:2      | Identified the +1 chain mail of Motyob {+Inv Will+ Int+3
                  | SInv}
  1068 | D:2      | Noticed Jessica
  1083 | D:2      | Reached XP level 4. HP: 23/29 MP: 4/4
  1239 | D:2      | Killed Jessica
  1240 | D:2      | Reached skill level 4 in Fighting
  1306 | D:2      | Noticed Sigmund
  1309 | D:2      | Gained mutation: Armour fits poorly on your strangely
                  | shaped body. [potion of mutation]
  1309 | D:2      | Gained mutation: You are somewhat resistant to further
                  | mutation. [potion of mutation]
  1468 | D:3      | Found Qequadog's Antique Armour Shoppe.
  1512 | D:3      | Reached XP level 5. HP: 29/33 MP: 5/5
  2248 | D:4      | Found a sand-covered staircase.
  2256 | Ossuary  | Entered an ossuary
  2282 | Ossuary  | Reached XP level 6. HP: 38/39 MP: 6/6
  2695 | D:1      | Bought a runed flail for 136 gold pieces
  2859 | D:4      | Noticed Edmund
  2888 | D:4      | Reached skill level 5 in Fighting
  3074 | D:4      | Reached skill level 5 in Shields
  3108 | D:4      | Killed Edmund
  3109 | D:4      | Reached skill level 5 in Armour
  3109 | D:4      | Reached XP level 7. HP: 30/44 MP: 7/7
  3836 | D:5      | Entered Level 5 of the Dungeon
  4146 | D:5      | Noticed Ijyb
  4186 | D:5      | Killed Ijyb
  4187 | D:5      | Reached skill level 6 in Fighting
  4437 | D:5      | Found a staircase to the Ecumenical Temple.
  4445 | Temple   | Entered the Ecumenical Temple
  4451 | Temple   | Became a worshipper of Warmaster Okawaru
  4485 | D:5      | Reached skill level 5 in Maces & Flails
  4485 | D:5      | Reached XP level 8. HP: 32/51 MP: 8/8
  4729 | D:5      | Reached skill level 1 in Ranged Weapons
  5565 | D:6      | Reached * piety under Okawaru
  5963 | D:6      | Reached skill level 1 in Invocations
  6223 | D:7      | Found a hazy altar of Hepliaklqana.
  6223 | D:7      | Found a glowing silver altar of Zin.
  6406 | D:7      | Reached skill level 7 in Fighting
  6464 | D:7      | Reached XP level 9. HP: 51/57 MP: 11/11
  7145 | D:7      | Found Hacumneh's General Store.
  7229 | D:7      | Reached ** piety under Okawaru
  7301 | D:7      | Bought a potion of heal wounds for 60 gold pieces
  7301 | D:7      | Bought a potion of cancellation for 96 gold pieces
  7301 | D:7      | Bought a potion of heal wounds for 60 gold pieces
  7301 | D:7      | Bought a potion of invisibility for 96 gold pieces
  7976 | D:8      | Reached skill level 5 in Invocations
  8014 | D:8      | Found a basalt altar of Yredelemnul.
  8088 | D:8      | Found an opulent altar of Gozag.
  8096 | D:8      | Reached XP level 10. HP: 63/64 MP: 14/14
  8322 | D:8      | Reached skill level 8 in Fighting
  8362 | D:8      | Reached *** piety under Okawaru
  8585 | D:8      | Found a staircase to the Lair.
  8769 | D:8      | Identified the +2 long sword "Biziudd" {pain, rF+ rN+ MP+9
                  | Str-5}
  9388 | D:2      | Killed Sigmund
  9582 | D:9      | Found Weid's Overcharged Wands.
  9659 | D:9      | Reached skill level 5 in Ranged Weapons
  9818 | D:9      | Reached **** piety under Okawaru
  9828 | D:9      | Noticed an ice statue
  9956 | D:9      | Noticed a two-headed ogre
 10014 | Lair:1   | Entered Level 1 of the Lair of Beasts
 10077 | Lair:1   | Noticed a torpor snail
 10139 | Lair:1   | Killed a torpor snail
 10214 | Lair:1   | Noticed a black mamba
 10226 | Lair:1   | Killed a black mamba
 10302 | Lair:1   | Reached ***** piety under Okawaru
 10334 | Lair:1   | Reached XP level 11. HP: 50/69 MP: 17/17
 10476 | Lair:1   | Reached skill level 9 in Fighting
 10626 | Lair:1   | Noticed a death yak
 10626 | Lair:1   | Noticed a death yak
 10626 | Lair:1   | Noticed a death yak
 10626 | Lair:1   | Noticed a death yak
 10691 | D:10     | Entered Level 10 of the Dungeon
 10718 | D:10     | Noticed a two-headed ogre
 11064 | D:10     | Found a snail-covered altar of Cheibriados.
 11197 | D:10     | Found a radiant altar of Vehumet.
 11828 | D:11     | Noticed a cyclops
 11860 | D:11     | Killed a cyclops
 11972 | D:11     | Noticed a two-headed ogre
 11989 | D:11     | Killed a two-headed ogre
 12038 | D:11     | Found Xeganwa's Gadget Gallery.
 12051 | D:11     | Bought a wand of digging (3) for 176 gold pieces
 12062 | D:11     | Found Siku's Distillery.
 12069 | D:11     | Bought a potion of curing for 42 gold pieces
 12081 | D:11     | Noticed a cyclops
 12108 | D:11     | Killed a cyclops
 12362 | D:11     | Noticed Maurice
 12851 | D:11     | Reached skill level 10 in Fighting
 13041 | D:11     | Found a staircase to the Orcish Mines.
 13070 | D:11     | Killed Maurice
 13867 | D:12     | Noticed a green ugly thing
 13884 | D:12     | Killed a green ugly thing
 13921 | D:12     | Noticed a skeletal warrior
 13923 | D:12     | Noticed a cyclops
 13923 | D:12     | Noticed a skeletal warrior
 13925 | D:12     | Noticed a skeletal warrior
 13925 | D:12     | Noticed a skeletal warrior
 13925 | D:12     | Noticed a skeletal warrior
 14417 | Lair:2   | Identified the +6 plate armour "Qereazim" {rC+ Dex+2}
                  | (Okawaru gifted it to you on level 2 of the Lair of Beasts)
 14417 | Lair:2   | Received a gift from Okawaru
 14418 | Lair:2   | Reached skill level 10 in Armour
 14450 | Lair:2   | Reached XP level 12. HP: 69/79 MP: 19/19
 14555 | Lair:2   | Found a transporter.
 14555 | Lair:2   | Noticed an eight-headed hydra
 14562 | Lair:2   | Noticed a four-headed hydra
 14564 | Lair:2   | Noticed math4jedi's ghost (journeyman MiBe)
 14636 | Lair:2   | Reached skill level 11 in Fighting
 14757 | Lair:2   | Found a transporter.
 15222 | Lair:3   | Reached skill level 10 in Invocations
 15807 | Lair:3   | Found a staircase to the Shoals.
 15927 | Lair:3   | Reached skill level 12 in Fighting
 16105 | Lair:3   | Found a hole to the Spider Nest.
 16437 | Lair:4   | Noticed Sonja
 16517 | Lair:4   | Noticed a seven-headed hydra
 16808 | Lair:1   | Reached skill level 13 in Fighting
 16808 | Lair:1   | Reached skill level 10 in Maces & Flails
 16808 | Lair:1   | Reached XP level 13. HP: 88/88 MP: 20/20
 16836 | Lair:1   | Identified a scroll of acquirement
 16837 | Lair:1   | Acquired 901 gold pieces
 16853 | Lair:1   | Noticed Fannar
 17541 | D:11     | Bought a potion of heal wounds for 70 gold pieces
 17541 | D:11     | Bought a potion of haste for 140 gold pieces
 18118 | D:12     | Identified the +0 cloak of Xuecviyn {+Inv} (Okawaru gifted
                  | it to you on level 12 of the Dungeon)
 18118 | D:12     | Received a gift from Okawaru
 18834 | Lair:1   | Gained mutation: Your large and strong wings let you fly.
                  | [Gargoyle growth]
 18834 | Lair:1   | Reached XP level 14. HP: 57/95 MP: 18/21
 19066 | Lair:1   | Reached skill level 14 in Fighting
 19382 | Orc:1    | Entered Level 1 of the Orcish Mines
 19928 | Orc:1    | Reached skill level 5 in Evocations
 20545 | Orc:2    | Entered Level 2 of the Orcish Mines
 20758 | Orc:2    | Found a staircase to the Elven Halls.
 22122 | Orc:2    | Found Xyiwk's General Store.
 22124 | Orc:2    | Found Oguh's Magic Scroll Shop.
 22250 | Orc:2    | Bought a scroll of acquirement for 572 gold pieces
 22279 | Orc:2    | Acquired 1087 gold pieces
 22703 | Orc:2    | Paralysed by an orc sorcerer for 4 turns
 23715 | Orc:2    | Reached skill level 15 in Fighting
 24027 | Orc:2    | Found Axalinee's Jewellery Emporium.
 24027 | Orc:2    | Found a one-way gate leading to the halls of Pandemonium.
 24027 | Orc:2    | Found Tosuib Isoge's Antique Weapon Shoppe.
 24037 | Orc:2    | Bought an amulet of regeneration for 540 gold pieces
 24450 | Orc:2    | Paralysed by an orc sorcerer for 3 turns
 24575 | Orc:2    | Bought a translucent spear for 232 gold pieces
 24575 | Orc:2    | Identified the +7 spear of Duty {elec, Drain rElec MP+9
                  | Str+4} (You bought it in a shop on level 2 of the Orcish
                  | Mines)
 24707 | D:13     | Noticed Frances
 25081 | Lair:4   | Killed Sonja
 25119 | Lair:4   | Identified the +1 quarterstaff "Xizon" {drain, rC- rN+
                  | Dex+5} (Okawaru gifted it to you on level 4 of the Lair of
                  | Beasts)
 25119 | Lair:4   | Received a gift from Okawaru
 25595 | Lair:4   | Found a viscous altar of Jiyva.
 25686 | Lair:4   | You are sucked into a shaft and drop 1 floor!
 25686 | Lair:5   | Entered Level 5 of the Lair of Beasts
 25706 | Lair:5   | Reached skill level 1 in Polearms
 25710 | Lair:5   | Reached XP level 15. HP: 103/103 MP: 22/22
 27502 | Lair:5   | Received a gift from Okawaru
 27613 | Lair:5   | Reached skill level 16 in Fighting
 28814 | D:13     | Found a gate to the Vaults.
 29133 | D:13     | Identified the +1 long sword "Aceu" {flame, rN+ Will-
                  | Int+3}
 29226 | D:13     | Reached skill level 5 in Polearms
 29581 | D:13     | Noticed Lodul
 29609 | D:12     | Identified the +9 demon whip of Imeuk {drain, Drain Str+4
                  | Dex+3} (Okawaru gifted it to you on level 12 of the
                  | Dungeon)
 29609 | D:12     | Received a gift from Okawaru
 29706 | D:13     | Killed Lodul
 29780 | D:13     | Reached skill level 1 in Throwing
 29944 | D:13     | Found a shadowy altar of Dithmenos.
 30053 | D:13     | Killed Frances
 30204 | D:13     | Reached XP level 16. HP: 110/111 MP: 23/23
 30844 | D:14     | Received a gift from Okawaru
 31256 | D:14     | Noticed Kirke
 31316 | D:14     | Killed Kirke
 31317 | D:14     | Reached skill level 5 in Throwing
 31422 | D:14     | Noticed Jorgrun
 31607 | Spider:1 | Entered Level 1 of the Spider Nest
 31729 | Shoals:1 | Entered Level 1 of the Shoals
 31770 | Shoals:1 | Reached skill level 17 in Fighting
 33406 | Shoals:2 | Received a gift from Okawaru
 33524 | Shoals:2 | Found a transporter.
 33537 | Shoals:2 | Noticed Gadrel's ghost (adept DgDe)
 33543 | Shoals:2 | Found a transporter.
 33575 | Shoals:2 | Found a bloodstained altar of Trog.
 33699 | Shoals:2 | Noticed a kraken
 34028 | Shoals:3 | Found Tilur's Distillery.
 34252 | Shoals:3 | Reached XP level 17. HP: 98/118 MP: 25/25
 34459 | Shoals:3 | Received a gift from Okawaru
 34693 | Shoals:3 | Reached skill level 15 in Armour
 34747 | Shoals:3 | Identified the +2 robe "Kecoclus" {rC+ Int-2 Slay+5}
                  | (Okawaru gifted it to you on level 3 of the Shoals)
 34747 | Shoals:3 | Received a gift from Okawaru
 35122 | D:9      | Found an ornate altar of the Wu Jian Council.
 35371 | Orc:2    | Bought a scroll of summoning for 104 gold pieces
 35371 | Orc:2    | Bought a scroll of fog for 44 gold pieces
 35371 | Orc:2    | Bought a scroll of teleportation for 33 gold pieces
 35371 | Orc:2    | Bought a scroll of identify for 22 gold pieces
 35371 | Orc:2    | Bought a scroll of identify for 22 gold pieces
 35373 | Orc:2    | Bought 2 potions of resistance for 280 gold pieces
 35373 | Orc:2    | Bought a scroll of teleportation for 42 gold pieces
 35842 | D:12     | Reached skill level 18 in Fighting
 35842 | D:12     | Reached XP level 18. HP: 125/125 MP: 27/27
 35843 | D:12     | Reached XP level 19. HP: 130/130 MP: 28/28
 36392 | Shoals:3 | Bought a potion of curing for 45 gold pieces
 36392 | Shoals:3 | Bought a potion of heal wounds for 75 gold pieces
 36392 | Shoals:3 | Bought a potion of haste for 150 gold pieces
 36677 | Shoals:4 | Entered Level 4 of the Shoals
 37101 | Shoals:4 | Noticed Polyphemus
 37139 | Shoals:4 | Killed Polyphemus
 37701 | Shoals:4 | Got a barnacled rune of Zot
 38756 | Spider:1 | Noticed Louise
 39114 | Spider:1 | Killed Louise
 39275 | Spider:1 | Identified the +1 kite shield of Eneah {-Tele Rampage rF+
                  | Regen+}
 39275 | Spider:1 | Noticed Asterion
 39297 | Spider:1 | Killed Asterion
 39309 | Spider:1 | Upgraded the game from 0.30.1-1-g62c8e00024 to
                  | 0.30.1-3-gfc49f6343a
 39546 | Spider:1 | Received a gift from Okawaru
 40284 | Spider:2 | Reached skill level 19 in Fighting
 40543 | Spider:2 | Reached XP level 20. HP: 134/139 MP: 30/30
 40565 | Spider:2 | Got the Incunabulum of Crystallized Charms
 41089 | Orc:2    | Bought a ring of see invisible for 270 gold pieces
 41707 | Spider:2 | Reached skill level 10 in Shields
 41828 | Spider:3 | Received a gift from Okawaru
 42597 | Spider:3 | Gained mutation: Your magical capacity is low. (-10% MP)
                  | [mutagenic glow]
 42817 | Spider:4 | Entered Level 4 of the Spider Nest
 45645 | Spider:4 | Got a gossamer rune of Zot
 45970 | D:15     | Entered Level 15 of the Dungeon
 46166 | D:15     | Found a bloodstained altar of Trog.
 46962 | D:15     | Received a gift from Okawaru
 46963 | D:15     | Found a staircase to the Depths.
 47119 | D:15     | Found a sparkling altar of Nemelex Xobeh.
 47306 | Vaults:1 | Entered Level 1 of the Vaults
 47332 | Vaults:1 | Reached skill level 20 in Fighting
 47404 | Vaults:1 | Reached ****** piety under Okawaru
 47477 | Vaults:1 | Received a gift from Okawaru
 47806 | Lair:2   | Reached XP level 21. HP: 120/146 MP: 23/28
 47834 | Lair:2   | Killed math4jedi's ghost
 47838 | Lair:2   | Identified the +1 pair of gloves of Existentialism {rPois
                  | rF- rN+ Str+5}
 48441 | Vaults:1 | Noticed Zenata
 48459 | Vaults:1 | Noticed Aizul
 48478 | Vaults:1 | Killed Aizul
 48532 | Vaults:1 | Identified the +6 shortbow of Ointment {flame, Int+3
                  | Stlth+}
 48618 | Vaults:1 | Paralysed by a sphinx for 4 turns
 48655 | Vaults:1 | Identified the +8 arbalest of Beogh's Hatred {drain, Contam
                  | +Blink rC- rN+++}
 48961 | Vaults:1 | Found Puse's Armour Boutique.
 49002 | Vaults:1 | Bought a +2 pair of gloves of dexterity for 344 gold pieces
 49077 | Vaults:1 | Killed Zenata
 49150 | Vaults:1 | Identified the +0 robe "Putukuen" {rC+ Dex+2} (Okawaru
                  | gifted it to you on level 1 of the Vaults)
 49150 | Vaults:1 | Received a gift from Okawaru
 49495 | Vaults:1 | Found the +18 shield of the Gong {Loud rN+ Will+ rCorr
                  | EV-5}
 50031 | Vaults:2 | Noticed Nikola
 50057 | Vaults:2 | Killed Nikola
 50605 | Vaults:2 | Reached skill level 15 in Shields
 51379 | Vaults:2 | Found a staircase to the Crypt.
 51605 | Vaults:2 | Found Guegh's Antique Weapon Emporium.
 52373 | Elf:1    | Entered Level 1 of the Elven Halls
 52901 | Elf:1    | Reached skill level 21 in Fighting
 52905 | Elf:1    | Received a gift from Okawaru
 52989 | Elf:1    | Reached XP level 22. HP: 146/155 MP: 29/29
 53012 | Elf:1    | Reached skill level 15 in Invocations
 53432 | Elf:2    | Found a transporter.
 53529 | Elf:2    | Found a transporter.
 53570 | Elf:2    | Found a transporter.
 53571 | Elf:2    | Found a transporter.
 53623 | Elf:2    | Identified the +1 pair of boots of Okawaru's Inspiration
                  | {rPois Int-2 SInv} (Okawaru gifted it to you on level 2 of
                  | the Elven Halls)
 53623 | Elf:2    | Received a gift from Okawaru
 53831 | Elf:2    | Found a transporter.
 53846 | Elf:2    | Found a transporter.
 53881 | Elf:2    | Paralysed by an air elemental for 1 turns
 53985 | Elf:2    | Found a runed translucent gate.
 53987 | Elf:2    | Found a runed translucent gate.
 53988 | Elf:2    | Found a runed translucent gate.
 54140 | Elf:3    | Entered Level 3 of the Elven Halls
 54193 | Elf:3    | Found Gofen's Antique Armour Shop.
 54193 | Elf:3    | Found Bobolep's Armour Boutique.
 54195 | Elf:3    | Found Maejul's Distillery.
 54197 | Elf:3    | Found Arulu's Antique Armour Shop.
 54216 | Elf:3    | Bought a pair of masterwork gloves for 256 gold pieces
 54216 | Elf:3    | Identified the +0 pair of gloves of Kikubaaqudgha {Rampage
                  | rPois} (You bought it in a shop on level 3 of the Elven
                  | Halls)
 54233 | Elf:3    | Bought a pair of runed boots for 202 gold pieces
 54439 | Elf:3    | Found a portal to a secret trove of treasure.
 54458 | Elf:3    | You paid a toll of 4 scrolls of fog to enter a treasure
                  | trove
 54459 | Trove    | Entered a treasure trove
 54521 | Trove    | Identified the amulet of Forogaa {Acrobat *Slow +Inv MP+9
                  | Str+8}
 54523 | Trove    | Identified the amulet "Vecaokk" {RegenMP rPois rN+ Int-4
                  | Dex+3}
 54555 | Trove    | Got Sif Muna's Codex of Metamorphosis and the Tesseract
 54557 | Trove    | Got Sif Muna's Volume of Earthen Cold
 54572 | Elf:3    | Reached XP level 23. HP: 160/160 MP: 31/31
 55512 | Elf:3    | Identified the +5 hand axe "Beohiv" {heavy, Fly rC+ Will-
                  | Int+4}
 55756 | Elf:3    | Identified the ring "Cuum" {Fly Dex+3}
 55994 | Elf:3    | Identified the staff of cold "Sixemuhe" {*Corrode rElec rC+
                  | Str+2}
 56009 | Elf:3    | Identified the +5 sling of Spontaneous Combustion {drain,
                  | Will+ Int+3}
 56079 | Elf:3    | Identified the +0 robe of Teptoif {rF++}
 56080 | Elf:3    | Identified the +4 sling "Geopuet" {freeze, rF+ Will+ rCorr
                  | Str+2}
 56266 | Elf:3    | Got the Parchment of Spellbinding
 57163 | Vaults:3 | Found Xuj Zeh Ruf's Antique Weapon Emporium.
 57212 | Vaults:3 | Identified the +7 chain mail of Dyspraxia {rC+ Dex+3}
 57742 | Vaults:3 | Received a gift from Okawaru
 59051 | Vaults:4 | Reached XP level 24. HP: 165/168 MP: 31/31
 59150 | Vaults:4 | Reached skill level 22 in Fighting
 59249 | Vaults:4 | Identified the +2 whip "Edghip Cica" {flame, rC++ rN+
                  | Stlth-}
 60138 | Depths:1 | Entered Level 1 of the Depths
 60366 | D:15     | Identified the scarf of Ciwuuqeq {rC+ rF+, rPois} (Okawaru
                  | gifted it to you on level 15 of the Dungeon)
 60366 | D:15     | Received a gift from Okawaru
 61074 | Depths:1 | Found a glowing golden altar of the Shining One.
 61135 | Depths:1 | Found a burning altar of Makhleb.
 61535 | Depths:1 | Found a gateway to Hell.
 61919 | Depths:2 | Found a one-way gate to the infinite horrors of the Abyss.
 62164 | Depths:2 | Found Toh Fise's Book Shop.
 62343 | Depths:1 | Received a gift from Okawaru
 62449 | Depths:2 | Paralysed by a floating eye for 3 turns
 62711 | Depths:2 | Identified the +7 trident "Amaihiatt" {vamp, rC+ Stlth+}
 62712 | Depths:2 | Paralysed by a floating eye for 4 turns
 62744 | Depths:2 | Identified the +0 pair of boots "Zodgh" {+Inv rElec Int-4}
                  | (Okawaru gifted it to you on level 2 of the Depths)
 62744 | Depths:2 | Received a gift from Okawaru
 62977 | Depths:2 | Paralysed by a floating eye for 4 turns
 63094 | Depths:2 | Paralysed by a floating eye for 3 turns
 63105 | Depths:2 | Reached XP level 25. HP: 147/175 MP: 32/32
 63496 | Depths:3 | Paralysed by a floating eye for 4 turns
 63988 | Depths:3 | Reached skill level 23 in Fighting
 64806 | Depths:2 | Identified the staff of cold "Tyllum" {Fly rPois rC+ rN+
                  | Str+4}
 64910 | Depths:4 | Entered Level 4 of the Depths
 64989 | Depths:4 | Found a one-way gateway to a ziggurat.
 65049 | Depths:4 | Received a gift from Okawaru
 65208 | Depths:4 | Found the +3 robe of Clouds {*Thunder rCloud rElec}
 65352 | Depths:4 | Noticed Jory
 65380 | Depths:4 | Killed Jory
 65908 | Depths:4 | Found a gate to the Realm of Zot.
 66444 | Vaults:5 | Entered Level 5 of the Vaults
 66512 | Vaults:5 | Identified the ring "Higoapn" {Fly rPois rCorr Str+6}
 66584 | Vaults:5 | Identified the ring of Hacug {*Slow rC+ rN+ Str+2 Stlth+}
 66587 | Vaults:5 | Got a silver rune of Zot
 66669 | Vaults:5 | Got the Enchiridion on Grisly Weather
 66975 | Vaults:5 | Noticed Xtahua
 67004 | Vaults:5 | Killed Xtahua
 67168 | Vaults:5 | Identified the +9 long sword of Sloth {flame, rElec}
 67321 | Vaults:5 | Reached XP level 26. HP: 184/184 MP: 32/32
 67539 | Vaults:5 | Received a gift from Okawaru
 67740 | Vaults:5 | Identified the +1 scale mail of the Five Lives {Will-
                  | Dex+9} (Okawaru gifted it to you on level 5 of the Vaults)
 67740 | Vaults:5 | Received a gift from Okawaru
 67741 | Vaults:5 | Reached skill level 24 in Fighting
 67791 | Vaults:5 | Identified the +1 morningstar of the Mind {spect, Fly
                  | Int+4}
 67852 | Vaults:5 | Noticed a dread lich
 67897 | Vaults:5 | Killed a dread lich
 69301 | Orc:2    | Bought a scroll of enchant armour for 82 gold pieces
 69302 | Orc:2    | Lost mutation: Armour fits poorly on your strangely shaped
                  | body. [potion of mutation]
 69302 | Orc:2    | Lost mutation: Your magical capacity is low. (-10% MP)
                  | [potion of mutation]
 69302 | Orc:2    | Lost mutation: You are somewhat resistant to further
                  | mutation. [potion of mutation]
 69302 | Orc:2    | Gained mutation: You passively map a small area around you.
                  | [potion of mutation]
 69617 | Zot:1    | Entered Level 1 of the Realm of Zot
 71151 | Zot:1    | Noticed an orb of fire
 71151 | Zot:1    | Gained mutation: Your flesh is heat resistant. (rF+) [an
                  | orb of fire]
 71166 | Zot:1    | Gained mutation: You sometimes lose your temper in combat.
                  | [an orb of fire]
 71178 | Zot:1    | Killed an orb of fire
 71362 | Zot:1    | Found a huge runed gate.
 71362 | Zot:1    | Found a huge runed gate.
 71362 | Zot:1    | Found a huge runed gate.
 71362 | Zot:1    | Found a huge runed gate.
 71641 | Zot:1    | Found a huge runed gate.
 71641 | Zot:1    | Found a huge runed gate.
 71641 | Zot:1    | Found a huge runed gate.
 71641 | Zot:1    | Found a huge runed gate.
 71641 | Zot:1    | Found a huge runed gate.
 71641 | Zot:1    | Found a huge runed gate.
 71641 | Zot:1    | Found a huge runed gate.
 71641 | Zot:1    | Found a huge runed gate.
 71641 | Zot:1    | Found a huge runed gate.
 71641 | Zot:1    | Found a huge runed gate.
 71703 | Zot:1    | Received a gift from Okawaru
 71788 | Zot:1    | Found a huge runed gate.
 71789 | Zot:1    | Found a huge runed gate.
 71790 | Zot:1    | Found a huge runed gate.
 71791 | Zot:1    | Found a huge runed gate.
 71792 | Zot:1    | Found a huge runed gate.
 71793 | Zot:1    | Found a huge runed gate.
 71794 | Zot:1    | Found a huge runed gate.
 71795 | Zot:1    | Found a huge runed gate.
 71796 | Zot:1    | Found a huge runed gate.
 71804 | Zot:1    | Found a huge runed gate.
 71804 | Zot:1    | Found a huge runed gate.
 71804 | Zot:1    | Found a huge runed gate.
 71804 | Zot:1    | Found a huge runed gate.
 71804 | Zot:1    | Found a huge runed gate.
 71804 | Zot:1    | Found a huge runed gate.
 71825 | Zot:1    | Found a huge runed gate.
 71825 | Zot:1    | Found a huge runed gate.
 71825 | Zot:1    | Found a huge runed gate.
 71825 | Zot:1    | Found a huge runed gate.
 71825 | Zot:1    | Found a huge runed gate.
 71836 | Zot:1    | Found a huge runed gate.
 71836 | Zot:1    | Found a huge runed gate.
 71890 | Zot:1    | Identified the +0 leather armour of Ifasou {Slay+2}
 71963 | Zot:1    | Noticed an ancient lich
 71963 | Zot:1    | Noticed an ancient lich
 71963 | Zot:1    | Noticed a Killer Klown
 71963 | Zot:1    | Noticed an orb of fire
 72061 | Depths:4 | Voluntarily entered the Abyss.
 72061 | Abyss:1  | Found a corrupted altar of Lugonu.
 72425 | Abyss:2  | Found a corrupted altar of Lugonu.
 72466 | Abyss:2  | Received a gift from Okawaru
 72778 | Abyss:2  | Received a gift from Okawaru
 72798 | Abyss:2  | Paralysed by accursed screaming for 1 turns
 72894 | Abyss:2  | Found a viscous altar of Jiyva.
 72898 | Abyss:2  | Found a viscous altar of Jiyva.
 72898 | Abyss:2  | Found a viscous altar of Jiyva.
 72969 | Abyss:3  | Found a corrupted altar of Lugonu.
 73011 | Abyss:3  | Reached XP level 27. HP: 192/192 MP: 37/37
 73070 | Abyss:3  | Paralysed by you for 2 turns
 73410 | Abyss:3  | Paralysed by accursed screaming for 1 turns
 73424 | Abyss:3  | Paralysed by accursed screaming for 1 turns
 73444 | Abyss:3  | Paralysed by accursed screaming for 1 turns
 73588 | Abyss:3  | Found a corrupted altar of Lugonu.
 73616 | Abyss:3  | Found a corrupted altar of Lugonu.
 73616 | Abyss:3  | Found a corrupted altar of Lugonu.
 73670 | Abyss:3  | Gained mutation: You occasionally lose the ability to read
                  | scrolls when taking damage. [a neqoxec]
 73673 | Abyss:3  | Gained mutation: Your spells are a little harder to cast,
                  | but a little more powerful. [a neqoxec]
 73837 | Abyss:3  | Reached skill level 25 in Fighting
 73885 | Abyss:3  | Found a corrupted altar of Lugonu.
 73927 | Abyss:3  | Found a corrupted altar of Lugonu.
 73933 | Abyss:3  | Received a gift from Okawaru
 73947 | Abyss:3  | Got an abyssal rune of Zot
 74095 | Depths:4 | Escaped the Abyss
 74522 | Shoals:2 | Killed Gadrel's ghost
 74564 | Shoals:2 | Lost mutation: You passively map a small area around you.
                  | [potion of mutation]
 74564 | Shoals:2 | Lost mutation: You occasionally lose the ability to read
                  | scrolls when taking damage. [potion of mutation]
 74564 | Shoals:2 | Lost mutation: Your spells are a little harder to cast, but
                  | a little more powerful. [potion of mutation]
 74564 | Shoals:2 | Gained mutation: You have large cloven feet. [potion of
                  | mutation]
 74564 | Shoals:2 | Gained mutation: You occasionally lose the ability to drink
                  | potions when taking damage. [potion of mutation]
 74564 | Shoals:2 | Gained mutation: You have hoof-like feet. [potion of
                  | mutation]
 74565 | Shoals:2 | Lost mutation: Your flesh is heat resistant. (rF+) [potion
                  | of mutation]
 74565 | Shoals:2 | Lost mutation: You have hoof-like feet. [potion of
                  | mutation]
 74565 | Shoals:2 | Lost mutation: You have large cloven feet. [potion of
                  | mutation]
 74565 | Shoals:2 | Gained mutation: You are frail. (-10% HP) [potion of
                  | mutation]
 74565 | Shoals:2 | Gained mutation: Your magical capacity is low. (-10% MP)
                  | [potion of mutation]
 74566 | Shoals:2 | Lost mutation: Your magical capacity is low. (-10% MP)
                  | [potion of mutation]
 74566 | Shoals:2 | Lost mutation: You occasionally lose the ability to drink
                  | potions when taking damage. [potion of mutation]
 74566 | Shoals:2 | Gained mutation: You are clumsy. (Dex -2) [potion of
                  | mutation]
 74567 | Shoals:2 | Lost mutation: You are clumsy. (Dex -2) [potion of
                  | mutation]
 74567 | Shoals:2 | Lost mutation: You are frail. (-10% HP) [potion of
                  | mutation]
 74567 | Shoals:2 | Gained mutation: Your mind is acute. (Int +4, Str/Dex -1)
                  | [potion of mutation]
 74568 | Shoals:2 | Lost mutation: Your mind is acute. (Int +4, Str/Dex -1)
                  | [potion of mutation]
 74568 | Shoals:2 | Lost mutation: You sometimes lose your temper in combat.
                  | [potion of mutation]
 74568 | Shoals:2 | Gained mutation: You are somewhat resistant to further
                  | mutation. [potion of mutation]
 75022 | Depths:4 | Killed an ancient lich
 75222 | Depths:4 | Killed an ancient lich
 75447 | Zot:1    | Gained mutation: Your magical capacity is low. (-10% MP)
                  | [an orb of fire]
 75508 | Depths:4 | Killed an orb of fire
 76150 | Zot:2    | Received a gift from Okawaru
 76429 | Zot:2    | You are sucked into a shaft and drop 1 floor!
 76719 | Zot:3    | Received a gift from Okawaru
 77472 | Zot:4    | Identified the +1 robe "Bovvui" {+Blink rN+} (Okawaru
                  | gifted it to you on level 4 of the Realm of Zot)
 77472 | Zot:4    | Received a gift from Okawaru
 78009 | Zot:4    | Reached skill level 26 in Fighting
 78210 | Zot:4    | Identified the staff of cold "Rooroamo" {rC+ rN+++ rCorr
                  | Int-3 Stlth-}
 78210 | Zot:4    | Identified the ring "Fofiror" {Ice rCorr}
 78210 | Zot:4    | Noticed Josephina
 78239 | Zot:4    | Killed Josephina
 78820 | Zot:5    | Entered Level 5 of the Realm of Zot
 79499 | Zot:5    | Noticed an ancient lich
 79516 | Zot:5    | Noticed an orb of fire
 79519 | Zot:5    | Noticed an orb of fire
 79536 | Zot:5    | Killed an ancient lich
 79546 | Zot:5    | Gained mutation: Your body sometimes deteriorates upon
                  | taking damage. [an orb of fire]
 79553 | Zot:5    | Killed an orb of fire
 79554 | Zot:5    | Reached skill level 10 in Evocations
 79593 | Zot:5    | Killed an orb of fire
 79593 | Zot:5    | Received a gift from Okawaru
 79674 | Zot:5    | Received a gift from Okawaru
 79696 | Zot:5    | Noticed a dread lich
 79726 | Zot:5    | Killed a dread lich
 79745 | Zot:5    | Noticed an ancient lich
 79874 | Zot:5    | Killed an ancient lich
 79904 | Zot:5    | Noticed a dread lich
 79908 | Zot:5    | Noticed an ancient lich
 79923 | Zot:5    | Killed a dread lich
 79930 | Zot:5    | Killed an ancient lich
 79986 | Zot:5    | Noticed an ancient lich
 80008 | Zot:5    | Killed an ancient lich
 80103 | Zot:5    | Noticed a dread lich
 80191 | Zot:5    | Killed a dread lich
 80328 | Zot:5    | Reached skill level 27 in Fighting
 80537 | Zot:5    | Reached skill level 1 in Dodging
 81040 | Zot:5    | Identified the +10 arbalest "Zuwkymoc" {drain, rF+ SInv}
 81204 | Zot:5    | Got the Orb of Zot
 81212 | Zot:5    | Gained mutation: You occasionally shout uncontrollably at
                  | your foes. [a cacodemon]
 81277 | Zot:3    | Reached skill level 5 in Dodging
 81342 | Zot:2    | Noticed Imoliph the pandemonium lord
 81381 | Depths:4 | Noticed Pagaked the pandemonium lord
 81590 | D:14     | Received a gift from Okawaru
 81590 | D:14     | Found the +5 robe of Night {Dark Will+ SInv}
 81615 | D:13     | Noticed Bahainuc the pandemonium lord
 81873 | D:$      | Escaped with the Orb!

Illustrated notes

Levels and vault maps discovered:
D:1:      tarquinn_simple_flora_water_f, layout_basic, serial_shops, shop
D:2:      minmay_roachtagon, layout_basic, uniq_sigmund, uniq_jessica
D:3:      kennysheep_big_flooded_room, layout_rooms, serial_shops, shop
D:4:      layout_basic, enter_ossuary_3, nicolae_eternal_life, st_stairs_3,
          uniq_edmund
D:5:      layout_basic, minmay_temple_entry_mist, uniq_ijyb
D:6:      layout_loops_ring
D:7:      layout_rooms, grunt_temple_overflow_open, serial_shops,
          nicolae_shop_peninsula
D:8:      layout_loops_ring, mainiacjoe_overflow_cross_hatched,
          nicolae_yredelemnul_corpse_copse, erik_lair_island
D:9:      layout_cave_pools, pdpol_wu_jian_five_deadly_venoms, minivault_16,
          nicolae_shop_overcharged_wands
D:10:     kennysheep_spiral_hall, layout_long_grid, overflow_temple_1_default,
          mainiacjoe_overflow_concentric_impassable
D:11:     layout_irregular_city, david_orc_3, serial_shops,
          nicolae_shop_advertising_works [nicolae_subvault_shop_adworks],
          minivault_14, nicolae_shop_gadgets, uniq_maurice
D:12:     layout_irregular_city
D:13:     layout_irregular_city, lightli_vaults_fourway_checkpoint,
          nicolae_dithmenos_shadow_blocks, uniq_frances, uniq_lodul
D:14:     layout_loops_ring, serial_aquarium, aquarium_bridge_long_separate
          [aquarium_subvault_bridge, aquarium_subvault_bridge,
          aquarium_subvault_balcony, aquarium_subvault_window,
          aquarium_subvault_bridge, aquarium_subvault_window],
          aquarium_window_corridor_2, aquarium_window_1, aquarium_window_1,
          aquarium_window_1, aquarium_view_2b, aquarium_pool_2, nicolae_wwwww,
          uniq_kirke, uniq_jorgrun
D:15:     grunt_enter_depths_magical_seal, layout_loops_ring, bloody_trog,
          wad_floor_pattern_2, nemelex_lonely_heart_becter
Temple:   nicolae_temple_no_exploring_needed
Lair:1:   layout_chaotic_city, uniq_fannar
Lair:2:   layout_gridlike, gammafunk_ghost_berserking_beasts, minivault_26,
          fungi_pond_lemuel
Lair:3:   layout_regular_city, nicolae_shoals_entry_roost,
          spider_nest_entry_web_field, serial_bayou_lagoon_b,
          infiniplex_staircase_pool
Lair:4:   layout_cave_pods, minmay_slime_entry_oklob_enclosed,
          beast_lair_carwin_5, uniq_sonja
Lair:5:   hangedman_lair_in_review, layout_misc_corridors,
          guppyfry_lair_end_dragon
Shoals:1: layout_shoals, nicolae_shoals_mertower
Shoals:2: argonaut_golden_fleece, layout_shoals,
          gammafunk_ghost_wrathful_warriors
Shoals:3: layout_shoals, nicolae_shoals_stone_sculpture_thing,
          nicolae_stop_n_shop_1
Shoals:4: shoals_end_grunt_garden, layout_shoals, uniq_polyphemus
Spider:1: layout_spider_delve, hellmonk_narrow_tunnel, uniq_louise,
          uniq_asterion
Spider:2: layout_spider_delve, worms_lemuel, hangedman_spider_tarantella_strand
Spider:3: layout_spider_delve, nicolae_spider_cling_halls
Spider:4: spider_rune_water, nicolae_spider_spiderdrome
Orc:1:    layout_caves
Orc:2:    pf_orc_diabolical, layout_diamond_mine, kennysheep_orc_chapel
Elf:1:    eino_elf_arrival_shootout, layout_geoelf_octagon
Elf:2:    nicolae_elf_blades_splatter_lattice [nicolae_blade_entry_antechamber],
          layout_geoelf_diagonals, serial_sigils_hangedman_stare,
          serial_nicolae_subway, nicolae_sub_station_stone,
          nicolae_sub_station_metal, nicolae_sub_station_crystal
Elf:3:    minmay_elf_hall_spiked, layout_geoelf_castle, enter_trove_5,
          wad_floor_pattern_untrapped, minmay_shoptagon
Vaults:1: hellmonk_guarded_unrand_gong, nicolae_vaults_theta, v_pattern_2,
          v_alt_pattern_5, nicolae_vaults_yaktaur_gun_rack,
          nicolae_vaults_storage_closets_2,
          nicolae_vaults_taking_the_gang_shopping, layout_vaults_quadrants,
          uniq_zenata, uniq_aizul
Vaults:2: minmay_crypt_entry_simple_walls, nicolae_vaults_security_offices_5,
          nicolae_vaults_offset_grid_hallway_1, v_pattern_5,
          nicolae_vaults_trapezoid_lopsided_4, ontoclasm_vaults_twist,
          v_misc_15, vaults_dpeg_cross, layout_vaults_big_cross, serial_shops,
          nicolae_shop_crystal, uniq_nikola
Vaults:3: hangedman_vaults_stretched_pinwheel,
          nicolae_vaults_door_testing_chamber, grunt_vaults_twisty, v_misc_27,
          nicolae_vaults_shrinking_rooms_1, v_misc_5, v_alt_pattern_2,
          vaults_mumra_chevron_long, nicolae_vaults_enemy_cabinets,
          layout_vaults_maze_bifur, serial_shops, nicolae_shop_behind_doors
Vaults:4: ontoclasm_vaults_ligature, nicolae_vaults_storage_closets_1,
          hangedman_vaults_restitches, nicolae_vaults_more_shelving_1,
          nicolae_vaults_tetromino_Z_1, nicolae_vaults_trapezoid_lopsided_3,
          nicolae_vaults_closet_pinwheel_2, nicolae_vaults_tangram_2,
          nicolae_vaults_wine_cellar, nicolae_vaults_three_branches,
          layout_vaults_omnibox
Vaults:5: serial_shops, uniq_xtahua
Depths:1: layout_cross, hellmouth_2, minmay_misc_feat_tower,
          hangedman_abyss_or_decor_slice, nzn_life_drinkers
Depths:2: minmay_the_grid_square_5x5_3x3 [minmay_the_grid_square_5x5_bracketed,
          minmay_the_grid_square_5x5_plus, minmay_the_grid_square_5x5_six_small,
          minmay_the_grid_square_5x5_fancy_junction,
          minmay_the_grid_square_5x5_megaprize_hollow,
          minmay_the_grid_square_5x5_empty, minmay_the_grid_square_5x5_three,
          minmay_the_grid_square_5x5_beaten_path,
          minmay_the_grid_square_5x5_shrine2], layout_gridville, pan_entry,
          hangedman_coc_ice_floe, chequers_serial_rivers_room_b,
          hangedman_abyss_entry_splay, serial_shops, nicolae_stop_n_shop_1,
          onia_ninara_cookie, minmay_staircase_bubble, firewood_loft
Depths:3: kennysheep_ogre_elephant_herders, layout_cave_shapes,
          rand_demon_pan_entry_9, pf_hell_entry_great_geh, abyss_entry,
          minmay_misc_feat_more_columns
Depths:4: evilmike_zot_entry_round, layout_basic, enter_ziggurat_f, hell_entry,
          grunt_decor_arrowhead, abyss_entry, uniq_jory
Zot:1:    layout_onion, door_vault
Zot:2:    layout_twisted_circle, st_stairs_10
Zot:3:    layout_misc_corridors
Zot:4:    layout_basic, uniq_josephina
Zot:5:    layout_basic

Skill      XL: |  1  2  3  4  5  6  7  8  9 10 11 12 13 14 15 16 17 18 19 20 21 22 23 24 25 26 27 |
---------------+----------------------------------------------------------------------------------+-----
Fighting       | 4 5 6 7 8 10 13 15 16 17 18 19 20 21 22 23 24 27 | 27.0
Shields        | 4 5 7 8 9 13 16 18 20 21 22 23 | 23.7
Armour         | 4 5 6 7 8 10 11 12 13 14 15 16 17 18 19 20 21 22 23 26 | 26.6
Maces & Flails | 3 4 5 6 7 8 10 11 12 | 12.3
Ranged Weapons | 3 4 5 6 |  6.0
Invocations    | 2 5 8 9 10 11 12 13 14 15 16 17 19 20 22 | 22.0
Evocations     | 3 4 7 8 10 | 10.0
Polearms       | 1 5 |  5.1
Throwing       | 2 5 6 |  6.4
Dodging        | 5 |  5.6

Action                     |  1- 3 |  4- 6 |  7- 9 | 10-12 | 13-15 | 16-18 | 19-21 | 22-24 | 25-27 || total
---------------------------+-------+-------+-------+-------+-------+-------+-------+-------+-------++-------
  Melee: Flail             |    88 |   257 |   486 |   851 |  1899 |       |       |       |       ||  3581
         Demon whip        |       |       |       |       |    80 |   640 |  2597 |  1886 |  3931 ||  9134
         Unarmed           |       |       |       |       |       |       |       |       |     2 ||     2
  Throw: Stone             |     7 |    14 |     6 |       |       |       |       |       |       ||    27
         Javelin           |       |     5 |       |    10 |    21 |     2 |     5 |     3 |     8 ||    54
         Dart              |       |     2 |     5 |    17 |     9 |     1 |       |       |       ||    34
 Invoke: Heroism           |       |       |     2 |     9 |    15 |     1 |    12 |    11 |    18 ||    68
         Finesse           |       |       |       |     2 |     3 |     1 |     4 |     2 |     4 ||    16
  Evoke: Wand              |       |       |     3 |     3 |     8 |       |       |       |     2 ||    16
    Use: Potion            |       |     4 |       |     4 |     4 |     3 |     1 |     2 |    24 ||    42
         Scroll            |       |     6 |     1 |     9 |    15 |     6 |     4 |     3 |    36 ||    80
   Stab: Petrified         |       |       |       |       |    10 |       |       |       |       ||    10
         Distracted        |       |       |       |       |       |       |       |       |    27 ||    27
         Confused          |       |       |       |       |       |       |       |       |     2 ||     2
         Invisible         |       |       |       |       |       |       |       |       |     2 ||     2
 Armour: Scale mail        |    31 |       |       |       |       |       |       |       |       ||    31
         Chain mail        |    18 |   148 |   247 |   289 |       |       |       |       |       ||   702
         Skin              |       |     3 |       |       |       |       |       |       |       ||     3
         Plate armour      |       |       |       |    93 |  1093 |   219 |  1076 |   636 |   303 ||  3420
         Gold dragon scale |       |       |       |       |       |       |       |       |  1036 ||  1036
  Dodge: Dodged            |    51 |    98 |   177 |   590 |   969 |   173 |   794 |   277 |   441 ||  3570
  Block: Buckler           |    13 |    55 |   110 |   175 |   446 |    57 |       |       |       ||   856
         Kite shield       |       |       |       |       |       |   181 |   835 |       |       ||  1016
         Reflection        |       |       |       |       |       |    17 |    35 |       |       ||    52
         Tower shield      |       |       |       |       |       |       |   604 |  1172 |  2264 ||  4040
